 Dungeon Crawl Stone Soup version 0.31-a0-217-g58bb5d79cf (webtiles) character file.

Game seed: 5192096808308574092

154 qw the Shooter (level 5, 0/31 HPs)
             Began as a Gargoyle Hexslinger on July 2, 2023.
             Slain by a black bear (5 damage)
             ... on level 4 of the Dungeon.
             The game lasted 00:00:47 (2042 turns).

qw the Shooter (Gargoyle Hexslinger)                Turns: 2042, Time: 00:00:48

Health: 0/31       AC: 10    Str: 12    XL:     5   Next: 36%
Magic:  6/6        EV: 12    Int: 13    God:
Gold:   222        SH:  0    Dex: 14    Spells: 5/6 levels left

rFire   . . .        Y - +2 sling
rCold   . . .        (no shield)
rNeg    + . .        c - +0 robe
rPois   inf          (no helmet)
rElec   +            (no cloak)
rCorr   .            e - +2 pair of gloves
SInv    .            b - +0 pair of boots
Will    .....        (no amulet)
Stlth   +            (no ring)
HPRegen 0.25/turn    (no ring)
MPRegen 0.10/turn

%: no passive effects
@: about to teleport
A: sickness immunity, AC +4, negative energy resistance 1, electricity
resistance, torment resistance 1, petrification resistance
a: no special abilities


You were on level 4 of the Dungeon.
You visited 1 branch of the dungeon, and saw 4 of its levels.

You collected 222 gold pieces.


Innate Abilities, Weirdness & Mutations

You are immune to sickness and miasma.
Your stone body is resilient. (AC +4)
You are immune to poison.
You resist negative energy. (rN+)
You are resistant to electric shocks. (rElec)
You are resistant to unholy torment.
You are immune to petrification.


   Skills:
 + Level 2.3 Fighting
 - Level 5.0 Ranged Weapons
 - Level 1.5 Dodging
 - Level 1.0 Spellcasting
 - Level 2.6 Hexes


You had 5 spell levels left.
You knew the following spells:

 Your Spells              Type           Power      Damage    Failure   Level
a - Slow                  Hex            28%        N/A       10%         1

Your spell library contained the following spells:

 Spells                   Type           Power      Damage    Failure   Level
 Inner Flame              Hex/Fire       4%         N/A       43%         3
 Portal Projectile        Hex/Tloc       8%         N/A       43%         3
 Cause Fear               Hex            3%         N/A       67%         4

Inventory:

Hand Weapons
 Y - a +2 sling (weapon)
Armour
 b - a +0 pair of boots (worn)
 c - a +0 robe (worn)
 e - a +2 pair of gloves (worn)
Scrolls
 a - a scroll of teleportation
 f - 2 scrolls of identify
 j - a scroll of amnesia {unknown}
Potions
 d - a potion of lignification {unknown}
 g - a potion of curing
 h - a potion of cancellation {unknown}
 i - a potion of haste
 l - a potion of enlightenment {unknown}

Dungeon Overview and Level Annotations

Branches:
Dungeon (4/15)
 Temple: D:4-7

Altars:
Ashenzari
Dithmenos


Message History

Enter note:
Enter note: You shoot a sling bullet.
The sling bullet completely misses the black bear.
You shoot a sling bullet. The sling bullet hits the black bear.
The black bear is lightly wounded.
The black bear bites you. The black bear claws you.
The black bear claws you but does no damage.
You shoot a sling bullet. The sling bullet hits the black bear.
The black bear is moderately wounded.
The black bear bites you.
The black bear claws you but does no damage. x2
An ogre comes into view. It is wielding a +0 giant spiked club.
The black bear bites you but does no damage.
The black bear claws you but does no damage. x2
You shoot a sling bullet. The sling bullet hits the black bear!
The black bear is heavily wounded.
The black bear bites you! The black bear closely misses you.
The black bear claws you but does no damage.
You shoot a sling bullet. The sling bullet hits the black bear.
The black bear is severely wounded.
The black bear goes berserk!
You shoot a sling bullet. The sling bullet hits the black bear.
The black bear is severely wounded.
The black bear closely misses you. x2; The black bear claws you.
The black bear barely misses you. The black bear closely misses you.
The black bear claws you but does no damage.
You shoot a sling bullet. The sling bullet hits the black bear.
The black bear is almost dead.
You hear an angry hiss.
The black bear bites you but does no damage.
The black bear claws you. x2
A ball python comes into view.
2042 ||| READING 2 scrolls of teleportation.
As you read the scroll of teleportation, it crumbles to dust.
You feel strangely unstable. The black bear bites you.
The black bear claws you but does no damage.
The black bear closely misses you. The black bear bites you.
You die...

.)###.#...####. #
........#.### .#
..#####.....#####.#
.. ##.........#
########.## #.##
#..# ####.
##.#S..... #@hO..#
#######


You could see a black bear (berserk), an ogre and a ball python.

Vanquished Creatures
  A phantom (D:4)
  3 adders
  A worm (D:3)
  6 bats
  3 endoplasms
  2 giant cockroaches
  4 goblins
  5 hobgoblins
  4 quokkas
  6 ball pythons
  3 frilled lizards
  5 kobolds
  5 rats
48 creatures vanquished.

Notes
Turn   | Place    | Note
-------+----------+-------------------------------------------
     0 | D:1      | qw the Gargoyle Hexslinger began the quest for the Orb.
     0 | D:1      | Reached XP level 1. HP: 12/12 MP: 2/2
     0 | D:1      | 0 ||| qw: Version: 0.3-a-40-ge99b1a8
     0 | D:1      | 0 ||| qw: Game counter: 8001
     0 | D:1      | 0 ||| qw: Melee chars always use a shield: true
     0 | D:1      | 0 ||| qw: God list: Okawaru
     0 | D:1      | 0 ||| qw: Allow faded altars: false
     0 | D:1      | 0 ||| qw: Do Orc after clearing Dungeon:15 true
     0 | D:1      | 0 ||| qw: Do second Lair branch before Depths: true
     0 | D:1      | 0 ||| qw: Lair rune preference: random
     0 | D:1      | 0 ||| qw: Goals: Normal
     0 | D:1      | 0 ||| PLANNING D:1-11
    69 | D:1      | Reached XP level 2. HP: 16/16 MP: 3/3
   105 | D:1      | Found a faded altar of an unknown god.
   225 | D:1      | Reached skill level 3 in Ranged Weapons
   431 | D:1      | 431 ||| UPGRADING to +2 pair of gloves.
   436 | D:1      | 436 ||| READING 2 scrolls labelled CURIWK UDOU.
   441 | D:1      | 441 ||| READING scroll labelled SEAPEURICU.
   442 | D:1      | 442 ||| DROPPING scroll of poison.
   730 | D:2      | Reached XP level 3. HP: 16/22 MP: 4/4
  1060 | D:2      | 1060 ||| UPGRADING to +0 pair of boots.
  1065 | D:2      | 1065 ||| READING scroll labelled BEQODA XUNUICLEUNO.
  1066 | D:2      | 1066 ||| READING scroll labelled ZASHRO MAUTA.
  1067 | D:2      | 1067 ||| READING scroll labelled XINWAC DECLU.
  1068 | D:2      | 1068 ||| DRINKING 2 blue potions.
  1069 | D:2      | 1069 ||| DRINKING 2 fuming clear potions.
  1383 | D:3      | Reached XP level 4. HP: 17/27 MP: 5/5
  1707 | D:3      | 1707 ||| READING scroll labelled SUD MI MUSEY.
  1708 | D:3      | 1708 ||| READING scroll labelled UMUGAO CUBIBA.
  1867 | D:4      | Noticed a phantom
  1884 | D:4      | Killed a phantom
  1885 | D:4      | Reached skill level 4 in Ranged Weapons
  1885 | D:4      | Reached XP level 5. HP: 24/31 MP: 6/6
  1966 | D:4      | Reached skill level 5 in Ranged Weapons
  1979 | D:4      | Found a broken altar of Ashenzari.
  1984 | D:4      | Found a shadowy altar of Dithmenos.
  2032 | D:4      | Noticed a black bear
  2037 | D:4      | Noticed an ogre
  2041 | D:4      | HP: 7/31 [black bear (4)]
  2042 | D:4      | 2042 ||| READING 2 scrolls of teleportation.
  2042 | D:4      | Slain by a black bear

Levels and vault maps discovered:
D:1:      scummos_arrival_forest, layout_basic, serial_corexii_hall,
          corexii_hall_statues_x, corexii_hall_statues_l,
          corexii_hall_statues_deadend, corexii_hall_statues_l,
          shapermc_ecumenical_altar_starsandcircs
D:2:      layout_basic, nicolae_concentric_dashed_squares_wild,
          kennysheep_flooded_box
D:3:      layout_loops_ring
D:4:      minmay_evil_eye, layout_rooms, nicolae_overflow_squiral, temple_hall

Skill      XL: |  1  2  3  4  5 |
---------------+----------------+-----
Ranged Weapons | 3 4 5 |  5.0
Fighting       | 2 |  2.3
Dodging        | |  1.5
Spellcasting   | |  1.0
Hexes          | |  2.6

Action                     |  1- 3 |  4- 6 || total
---------------------------+-------+-------++-------
   Fire: Sling             |   114 |    64 ||   178
    Use: Scroll            |     5 |     3 ||     8
         Potion            |     2 |       ||     2
 Armour: Robe              |    30 |    22 ||    52
  Dodge: Dodged            |    48 |    23 ||    71

Table legend:
 A = Non-vault XP
 B = Vault XP
 C = Vault XP percentage of total XP
 D = Non-vault monster count
 E = Vault monster count
 F = Vault count percentage of total count
                 A         B        C        D         E       F
            +---------+---------+-------+---------+---------+-------
      Total |     221 |       0 |   0.0 |      48 |       0 |   0.0
            +---------+---------+-------+---------+---------+-------
        D:1 |      27 |       0 |   0.0 |      18 |       0 |   0.0
        D:2 |      43 |       0 |   0.0 |      13 |       0 |   0.0
        D:3 |      21 |       0 |   0.0 |      11 |       0 |   0.0
        D:4 |     130 |       0 |   0.0 |       6 |       0 |   0.0
            +---------+---------+-------+---------+---------+-------
